SL
NORTHERN VIRGINIA RETRIEVERS @ CHICAGO HAWKS
07/10/2022
 
TOP OF THE 1ST
Northern Virginia Retrievers batting - Pitching for Chicago Hawks : RHP Benny York
Pitching: RHP Benny York
Batting: LHB Wayne Akers 0-0: SINGLE (Line Drive, 56)
Batting: RHB Bob Heller 0-0: Ball
1-0: Foul Ball, location: 2F
1-1: Foul Ball, location: 2F
1-2: Ball
2-2: Grounds into double play, 6-4-3 (Groundball, 6)
Batting: RHB Luis Rodríguez 0-0: Called Strike
0-1: Foul Ball, location: 2F
0-2: Ball
1-2: Fly out, F8 (Flyball, 8RM)
Top of the 1st over - 0 run(s), 1 hit(s), 0 error(s), 0 left on base; Northern Virginia 0 - Chicago 0
BOTTOM OF THE 1ST
Chicago Hawks batting - Pitching for Northern Virginia Retrievers : RHP Javier Mora
Pitching: RHP Javier Mora
Batting: RHB Ludwig Kluge 0-0: Foul Ball, location: 2F
0-1: Ground out 1-3 (Groundball, 13)
Batting: RHB Chandler Bailey 0-0: Foul Ball, location: 2F
0-1: Ball
1-1: Fly out, F8 (Flyball, 8RS)
Batting: RHB Robbie Roach 0-0: Foul Ball, location: 2F
0-1: Ground out 1-3 (Groundball, 23)
Bottom of the 1st over - 0 run(s), 0 hit(s), 0 error(s), 0 left on base; Northern Virginia 0 - Chicago 0
TOP OF THE 2ND
Northern Virginia Retrievers batting - Pitching for Chicago Hawks : RHP Benny York
Batting: LHB Bartolo Benítez 0-0: Ball
1-0: Called Strike
1-1: Called Strike
1-2: Foul Ball, location: 2F
1-2: Fly out, F9 (Flyball, 89M)
Batting: LHB Munemori Ohara 0-0: Foul Ball, location: 2F
0-1: Ball
1-1: Called Strike
1-2: Ball
2-2: Foul Ball, location: 2F
2-2: Ball
3-2: Base on Balls
Batting: SHB Gustavo Fuentes 0-0: Called Strike
0-1: Called Strike
0-2: Ball
1-2: Fly out, F7 (Flyball, 7M)
Batting: LHB Marlon Randall 0-0: Ground out U3 (Groundball, 3L)
Top of the 2nd over - 0 run(s), 0 hit(s), 0 error(s), 1 left on base; Northern Virginia 0 - Chicago 0
BOTTOM OF THE 2ND
Chicago Hawks batting - Pitching for Northern Virginia Retrievers : RHP Javier Mora
Batting: LHB Mal Wadley 0-0: Called Strike
0-1: Foul Ball, location: 2F
0-2: Ball
1-2: Strikes out looking
Batting: RHB Chris Smith 0-0: SINGLE (Line Drive, 7LS)
Batting: LHB Bill Griffin 0-0: Foul Ball, location: 2F
0-1: Foul Ball, location: 2F
0-2: SINGLE (Line Drive, 78S)
Chris Smith to second
Batting: RHB Ramón Gómez 0-0: Called Strike
0-1: Ball
1-1: Ball
2-1: Swinging Strike
2-2: Foul Ball, location: 2F
2-2: Strikes out looking
Batting: RHB Soseki Matsunaga 0-0: Ball
1-0: Swinging Strike
1-1: Ball
2-1: Foul Ball, location: 2F
2-2: Ball
3-2: Strikes out looking
Bottom of the 2nd over - 0 run(s), 2 hit(s), 0 error(s), 2 left on base; Northern Virginia 0 - Chicago 0
TOP OF THE 3RD
Northern Virginia Retrievers batting - Pitching for Chicago Hawks : RHP Benny York
Batting: LHB Rick Watson 0-0: Ball
1-0: Ball
2-0: Foul Ball, location: 2F
2-1: SINGLE (Groundball, 4MD)
Batting: RHB Eddie O'Bryan 0-0: Called Strike
0-1: Foul Ball, location: 2F
0-2: Strikes out swinging
Batting: LHB Wayne Akers 0-0: Foul Ball, location: 2F
0-1: Ball
1-1: Ball
2-1: Ball
3-1: Foul Ball, location: 2F
3-2: Foul Ball, location: 2F
3-2: SINGLE (Groundball, 5D)
Rick Watson to second
Batting: RHB Bob Heller 0-0: Ball
1-0: Ball
2-0: Fly out, F8 (Line Drive, 8RM)
Batting: RHB Luis Rodríguez 0-0: Called Strike
0-1: Ball
1-1: Fly out, F9 (Flyball, 9LM)
Top of the 3rd over - 0 run(s), 2 hit(s), 0 error(s), 2 left on base; Northern Virginia 0 - Chicago 0
BOTTOM OF THE 3RD
Chicago Hawks batting - Pitching for Northern Virginia Retrievers : RHP Javier Mora
Batting: LHB Jeremiah Spencer 0-0: Foul Ball, location: 2F
0-1: Ball
1-1: Ball
2-1: Swinging Strike
2-2: Foul Ball, location: 2F
2-2: Ball
3-2: SINGLE (Line Drive, 7S)
Batting: RHB Ludwig Kluge 0-0: SINGLE (Groundball, 56)
Jeremiah Spencer to second
Batting: RHB Chandler Bailey 0-0: Ball
1-0: Foul Ball, location: 2F
1-1: Fielders Choice at 2nd, 1-6 (Groundball, 25)
Jeremiah Spencer to third
Batting: RHB Robbie Roach 0-0: SINGLE (Line Drive, 78S)
Jeremiah Spencer scores
Chandler Bailey to second
Batting: LHB Mal Wadley 0-0: Foul Ball, location: 2F
0-1: Fly out, F8 (Flyball, 8RXD)
Runner from 2nd tags up, SAFE at 3rd, no throw
Batting: RHB Chris Smith 0-0: Ball
1-0: Swinging Strike
1-1: Ball
2-1: Foul Ball, location: 2F
2-2: Ground out 5-3 (Groundball, 5S)
Bottom of the 3rd over - 1 run(s), 3 hit(s), 0 error(s), 2 left on base; Northern Virginia 0 - Chicago 1
TOP OF THE 4TH
Northern Virginia Retrievers batting - Pitching for Chicago Hawks : RHP Benny York
Batting: LHB Bartolo Benítez 0-0: Ball
1-0: Ground out U3 (Groundball, 3S)
Batting: LHB Munemori Ohara 0-0: Called Strike
0-1: Ground out 5-3 (Groundball, 15S)
Batting: SHB Gustavo Fuentes 0-0: Fly out, F5 (Popup, 5F)
Top of the 4th over - 0 run(s), 0 hit(s), 0 error(s), 0 left on base; Northern Virginia 0 - Chicago 1
BOTTOM OF THE 4TH
Chicago Hawks batting - Pitching for Northern Virginia Retrievers : RHP Javier Mora
Batting: LHB Bill Griffin 0-0: Ball
1-0: Called Strike
1-1: Foul Ball, location: 2F
1-2: Strikes out swinging
Batting: RHB Ramón Gómez 0-0: Swinging Strike
0-1: Ball
1-1: Hit by Pitch
Batting: RHB Soseki Matsunaga 0-0: SINGLE (Groundball, 5D)
Ramón Gómez to second
Batting: LHB Jeremiah Spencer 0-0: Grounds into double play, 6-4-3 (Groundball, 6)
Bottom of the 4th over - 0 run(s), 1 hit(s), 0 error(s), 1 left on base; Northern Virginia 0 - Chicago 1
TOP OF THE 5TH
Northern Virginia Retrievers batting - Pitching for Chicago Hawks : RHP Benny York
Batting: LHB Marlon Randall 0-0: Ball
1-0: Swinging Strike
1-1: Ball
2-1: Ball
3-1: Fly out, F6 (Popup, 8RS)
Batting: LHB Rick Watson 0-0: Ground out U3 (Groundball, 3L)
Batting: RHB Eddie O'Bryan 0-0: Foul Ball, location: 2F
0-1: Foul Ball, location: 2F
0-2: Ball
1-2: Ball
2-2: SINGLE (Line Drive, 56D)
Batting: LHB Wayne Akers 0-0: Ball
1-0: Ground out 1-3 (Groundball, 25)
Top of the 5th over - 0 run(s), 1 hit(s), 0 error(s), 1 left on base; Northern Virginia 0 - Chicago 1
BOTTOM OF THE 5TH
Chicago Hawks batting - Pitching for Northern Virginia Retrievers : RHP Javier Mora
Batting: RHB Ludwig Kluge 0-0: Ball
1-0: Fly out, F6 (Popup, 6)
Batting: RHB Chandler Bailey 0-0: Foul Ball, location: 2F
0-1: Ball
1-1: Ball
2-1: Foul Ball, location: 2F
2-2: Strikes out swinging
Batting: RHB Robbie Roach 0-0: Ball
1-0: Ball
2-0: Ball
3-0: Base on Balls
Batting: LHB Mal Wadley 0-0: Ball
1-0: Ball
2-0: Foul Ball, location: 2F
2-1: Called Strike
2-2: Foul Ball, location: 2F
2-2: Ground out 1-3 (Groundball, 25)
Bottom of the 5th over - 0 run(s), 0 hit(s), 0 error(s), 1 left on base; Northern Virginia 0 - Chicago 1
TOP OF THE 6TH
Northern Virginia Retrievers batting - Pitching for Chicago Hawks : RHP Benny York
Batting: RHB Bob Heller 0-0: Called Strike
0-1: Swinging Strike
0-2: Ball
1-2: Ball
2-2: Foul Ball, location: 2F
2-2: SINGLE (Groundball, 6MD)
Batting: RHB Luis Rodríguez 0-0: Ball
1-0: Ball
2-0: Called Strike
2-1: Called Strike
2-2: Fly out, F9 (Flyball, 89M)
Batting: LHB Bartolo Benítez 0-0: Foul Ball, location: 2F
0-1: Swinging Strike
0-2: Ball
1-2: Ground out 5-3 (Groundball, 56S)
Bob Heller to second
Batting: LHB Munemori Ohara 0-0: Foul Ball, location: 2F
0-1: Fly out, F5 (Popup, 5F)
Top of the 6th over - 0 run(s), 1 hit(s), 0 error(s), 1 left on base; Northern Virginia 0 - Chicago 1
BOTTOM OF THE 6TH
Chicago Hawks batting - Pitching for Northern Virginia Retrievers : RHP Javier Mora
Batting: RHB Chris Smith 0-0: Called Strike
0-1: Ball
1-1: Ball
2-1: Called Strike
2-2: Foul Ball, location: 2F
2-2: Strikes out swinging
Batting: LHB Bill Griffin 0-0: Called Strike
0-1: Foul Ball, location: 2F
0-2: Foul Ball, location: 2F
0-2: Ball
1-2: SINGLE (Groundball, 4MD)
Batting: RHB Ramón Gómez 0-0: Ball
1-0: Called Strike
1-1: Ball
2-1: SINGLE (Groundball, 5L)
Bill Griffin to second
Batting: RHB Soseki Matsunaga 0-0: Fly out, F9 (Flyball, 9M)
Batting: LHB Jeremiah Spencer 0-0: Ground out 2-3 (Groundball, 23)
Bottom of the 6th over - 0 run(s), 2 hit(s), 0 error(s), 2 left on base; Northern Virginia 0 - Chicago 1
TOP OF THE 7TH
Northern Virginia Retrievers batting - Pitching for Chicago Hawks : RHP Benny York
Batting: SHB Gustavo Fuentes 0-0: SINGLE (Line Drive, 34D)
Batting: LHB Marlon Randall 0-0: Sac Bunt - play at first, batter OUT! 1-4
Gustavo Fuentes to second
Batting: LHB Rick Watson 0-0: Ball
1-0: SINGLE (Groundball, 4M)
Gustavo Fuentes to third
Runner from 3rd tries for Home, SAFE, throw made home
Pinch Hitting: RHB Aurelio Vázquez 0-0: Ball
1-0: Called Strike
1-1: Foul Ball, location: 2F
1-2: Ball
2-2: SINGLE (Flyball, 9LS)
Rick Watson to second
Batting: LHB Wayne Akers 0-0: Ball
1-0: Foul Ball, location: 2F
1-1: Ground out U3 (Groundball, 3)
Rick Watson to third
Aurelio Vázquez to second
Batting: RHB Bob Heller 0-0: Ball
1-0: Fly out, F7 (Flyball, 7M)
Top of the 7th over - 1 run(s), 3 hit(s), 0 error(s), 2 left on base; Northern Virginia 1 - Chicago 1
BOTTOM OF THE 7TH
Chicago Hawks batting - Pitching for Northern Virginia Retrievers : RHP Javier Mora
Now at 2B: Matt Brown
Batting: RHB Ludwig Kluge 0-0: Ball
1-0: Ground out 4-3 (Groundball, 4)
Batting: RHB Chandler Bailey 0-0: Called Strike
0-1: Swinging Strike
0-2: Fly out, F9 (Flyball, 9LD)
Batting: RHB Robbie Roach 0-0: Foul Ball, location: 2F
0-1: Ball
1-1: Foul Ball, location: 2F
1-2: Fly out, F4 (Line Drive, 4M)
Bottom of the 7th over - 0 run(s), 0 hit(s), 0 error(s), 0 left on base; Northern Virginia 1 - Chicago 1
TOP OF THE 8TH
Northern Virginia Retrievers batting - Pitching for Chicago Hawks : RHP Benny York
Batting: RHB Luis Rodríguez 0-0: Fly out, F8 (Line Drive, 8LS)
Batting: LHB Bartolo Benítez 0-0: Called Strike
0-1: Ground out 1-3 (Groundball, 25)
Batting: LHB Munemori Ohara 0-0: Called Strike
0-1: Ball
1-1: SOLO HOME RUN (Flyball, 9D), Distance : 355 ft
Batting: SHB Gustavo Fuentes 0-0: Swinging Strike
0-1: Called Strike
0-2: Foul Ball, location: 2F
0-2: Ball
1-2: Fly out, F8 (Flyball, 8LS)
Top of the 8th over - 1 run(s), 1 hit(s), 0 error(s), 0 left on base; Northern Virginia 2 - Chicago 1
BOTTOM OF THE 8TH
Chicago Hawks batting - Pitching for Northern Virginia Retrievers : RHP Javier Mora
Batting: LHB Mal Wadley 0-0: Ground out 1-3 (Groundball, 13)
Batting: RHB Chris Smith 0-0: Foul Ball, location: 2F
0-1: Ball
1-1: Fly out, F8 (Flyball, 89D)
Batting: LHB Bill Griffin 0-0: Ball
1-0: Swinging Strike
1-1: Foul Ball, location: 2F
1-2: Foul Ball, location: 2F
1-2: Strikes out looking
Bottom of the 8th over - 0 run(s), 0 hit(s), 0 error(s), 0 left on base; Northern Virginia 2 - Chicago 1
TOP OF THE 9TH
Northern Virginia Retrievers batting - Pitching for Chicago Hawks : RHP Benny York
Batting: LHB Marlon Randall 0-0: Ball
1-0: SINGLE (Line Drive, 4D)
Batting: LHB Rick Watson 0-0: Called Strike
0-1: Ball
1-1: Ball
2-1: Sac Bunt - play at first, batter OUT! 1-4
Marlon Randall to second
Pitching: RHP Stuart Lee
Batting: RHB Matt Brown 0-0: Ground out 4-3 (Groundball, 4)
Marlon Randall to third
Batting: LHB Wayne Akers 0-0: Ball
1-0: Ball
2-0: Foul Ball, location: 2F
2-1: Ball
3-1: Foul Ball, location: 2F
3-2: Foul Ball, location: 2F
3-2: Fly out, F6 (Popup, 56)
Top of the 9th over - 0 run(s), 1 hit(s), 0 error(s), 1 left on base; Northern Virginia 2 - Chicago 1
BOTTOM OF THE 9TH
Chicago Hawks batting - Pitching for Northern Virginia Retrievers : RHP Javier Mora
Pitching: RHP Woody Cook
Batting: RHB Ramón Gómez 0-0: SINGLE (Groundball, 4MD)
Batting: RHB Soseki Matsunaga 0-0: Bunt - Flyout! F2
Batting: LHB Jeremiah Spencer 0-0: Ball
1-0: Ball
2-0: Ball
3-0: Base on Balls
Ramón Gómez to second
Pinch Hitting: RHB Yoshio Matsuo 0-0: Ball
1-0: Ball
2-0: Swinging Strike
2-1: Ball
3-1: SINGLE (Line Drive, 9LS)
Ramón Gómez to third
Jeremiah Spencer to second
Runner from 3rd tries for Home, SAFE, no throw or cutoff
Batting: RHB Chandler Bailey 0-0: Called Strike
0-1: Called Strike
0-2: Ball
1-2: Strikes out looking
Batting: RHB Robbie Roach 0-0: Called Strike
0-1: Fly out, F9 (Flyball, 89XD)
Bottom of the 9th over - 1 run(s), 2 hit(s), 0 error(s), 2 left on base; Northern Virginia 2 - Chicago 2
TOP OF THE 10TH
Northern Virginia Retrievers batting - Pitching for Chicago Hawks : RHP Stuart Lee
Pitching: RHP Robinson Gonzáles
Now at 3B: José Lozano
Batting: RHB Bob Heller 0-0: Called Strike
0-1: Swinging Strike
0-2: Ball
1-2: Foul Ball, location: 2F
1-2: Ball
2-2: Ball
3-2: Strikes out swinging
Batting: RHB Luis Rodríguez 0-0: Ball
1-0: Foul Ball, location: 2F
1-1: Ball
2-1: Ball
3-1: Ground out U3 (Groundball, 3S)
Batting: LHB Bartolo Benítez 0-0: Called Strike
0-1: Ground out 4-3 (Groundball, 4)
Top of the 10th over - 0 run(s), 0 hit(s), 0 error(s), 0 left on base; Northern Virginia 2 - Chicago 2
BOTTOM OF THE 10TH
Chicago Hawks batting - Pitching for Northern Virginia Retrievers : RHP Woody Cook
Batting: LHB Mal Wadley 0-0: Called Strike
0-1: Ball
1-1: Ball
2-1: Foul Ball, location: 2F
2-2: Foul Ball, location: 2F
2-2: Fly out, F9 (Flyball, 9M)
Batting: RHB Chris Smith 0-0: Fly out, F7 (Flyball, 7D)
Batting: LHB Bill Griffin 0-0: Ball
1-0: Fly out, F8 (Flyball, 8RD)
Bottom of the 10th over - 0 run(s), 0 hit(s), 0 error(s), 0 left on base; Northern Virginia 2 - Chicago 2
TOP OF THE 11TH
Northern Virginia Retrievers batting - Pitching for Chicago Hawks : RHP Robinson Gonzáles
Batting: LHB Munemori Ohara 0-0: Ball
1-0: Called Strike
1-1: Foul Ball, location: 2F
1-2: Strikes out swinging
Batting: SHB Gustavo Fuentes 0-0: Called Strike
0-1: Foul Ball, location: 2F
0-2: Strikes out swinging
Batting: LHB Marlon Randall 0-0: Ball
1-0: Called Strike
1-1: Called Strike
1-2: Strikes out swinging
Top of the 11th over - 0 run(s), 0 hit(s), 0 error(s), 0 left on base; Northern Virginia 2 - Chicago 2
BOTTOM OF THE 11TH
Chicago Hawks batting - Pitching for Northern Virginia Retrievers : RHP Woody Cook
Pitching: LHP Joe Kehoe
Batting: RHB Ramón Gómez 0-0: Called Strike
0-1: DOUBLE (Line Drive, 9LM)
Batting: RHB Soseki Matsunaga 0-0: Intentional Walk
Batting: LHB Jeremiah Spencer 0-0: Sac Bunt - play at first, batter OUT! U3
Ramón Gómez to third
Soseki Matsunaga to second
Batting: RHB José Lozano 0-0: Intentional Walk
Batting: RHB Chandler Bailey 0-0: Ball
1-0: Grounds into fielders choice 6-2 (Groundball, 6)
Soseki Matsunaga to third
José Lozano to second
Batting: RHB Robbie Roach 0-0: Fly out, F5 (Popup, 5SF)
Bottom of the 11th over - 0 run(s), 1 hit(s), 0 error(s), 3 left on base; Northern Virginia 2 - Chicago 2
TOP OF THE 12TH
Northern Virginia Retrievers batting - Pitching for Chicago Hawks : RHP Robinson Gonzáles
Pitching: LHP Fernando Castro
Pinch Hitting: RHB Gil Moore 0-0: Ball
1-0: Foul Ball, location: 2F
1-1: Fly out, F3 (Popup, 3F)
Batting: RHB Matt Brown 0-0: Ball
1-0: Swinging Strike
1-1: Ball
2-1: Foul Ball, location: 2F
2-2: Ball
3-2: Foul Ball, location: 2F
3-2: Foul Ball, location: 2F
3-2: Foul Ball, location: 2F
3-2: Base on Balls
Pinch Hitting: RHB Brandon Reed 0-0: Fielders Choice at 2nd, 6-4 (Groundball, 6M)
Batting: RHB Bob Heller 0-0: Called Strike
0-1: Foul Ball, location: 2F
0-2: Ball
1-2: Ball
2-2: Ball
3-2: Ground out 5-3 (Groundball, 5)
Top of the 12th over - 0 run(s), 0 hit(s), 0 error(s), 1 left on base; Northern Virginia 2 - Chicago 2
BOTTOM OF THE 12TH
Chicago Hawks batting - Pitching for Northern Virginia Retrievers : LHP Joe Kehoe
Now at C: Gil Moore
Now in CF: Brandon Reed
Batting: LHB Mal Wadley 0-0: Ball
1-0: Ball
2-0: Ball
3-0: Called Strike
3-1: Base on Balls
Batting: RHB Chris Smith 0-0: Ball
1-0: Foul Ball, location: 2F
1-1: Ball
2-1: Swinging Strike
2-2: Grounds into double play, 5-4-3 (Groundball, 56)
Batting: LHB Bill Griffin 0-0: Called Strike
0-1: Swinging Strike
0-2: Ball
1-2: Strikes out looking
Bottom of the 12th over - 0 run(s), 0 hit(s), 0 error(s), 0 left on base; Northern Virginia 2 - Chicago 2
TOP OF THE 13TH
Northern Virginia Retrievers batting - Pitching for Chicago Hawks : LHP Fernando Castro
Batting: RHB Luis Rodríguez 0-0: Ball
1-0: Ball
2-0: Foul Ball, location: 2F
2-1: Ball
3-1: Ground out 6-3 (Groundball, 6)
Batting: LHB Bartolo Benítez 0-0: Ball
1-0: Ground out 3-1 (Groundball, 34S)
Batting: LHB Munemori Ohara 0-0: Fly out, F8 (Flyball, 8LXD)
Top of the 13th over - 0 run(s), 0 hit(s), 0 error(s), 0 left on base; Northern Virginia 2 - Chicago 2
BOTTOM OF THE 13TH
Chicago Hawks batting - Pitching for Northern Virginia Retrievers : LHP Joe Kehoe
Batting: RHB Ramón Gómez 0-0: Ball
1-0: Foul Ball, location: 2F
1-1: Swinging Strike
1-2: Foul Ball, location: 2F
1-2: Strikes out swinging
Batting: RHB Soseki Matsunaga 0-0: Ground out 6-3 (Groundball, 6)
Batting: LHB Jeremiah Spencer 0-0: Ball
1-0: Foul Ball, location: 2F
1-1: Foul Ball, location: 2F
1-2: Fly out, F8 (Flyball, 8RS)
Bottom of the 13th over - 0 run(s), 0 hit(s), 0 error(s), 0 left on base; Northern Virginia 2 - Chicago 2
TOP OF THE 14TH
Northern Virginia Retrievers batting - Pitching for Chicago Hawks : LHP Fernando Castro
Batting: SHB Gustavo Fuentes 0-0: Fly out, F7 (Flyball, 7S)
Batting: LHB Marlon Randall 0-0: Ball
1-0: Called Strike
1-1: Foul Ball, location: 2F
1-2: Foul Ball, location: 2F
1-2: Ball
2-2: SINGLE (Line Drive, 89S)
Batting: RHB Gil Moore 0-0: Called Strike
0-1: Foul Ball, location: 2F
0-2: Ball
1-2: SINGLE (Line Drive, 4MD)
Marlon Randall to second
Batting: RHB Matt Brown 0-0: Ball
1-0: Fielders Choice at 2nd, 4-6 (Groundball, 34)
Marlon Randall to third
Batting: RHB Brandon Reed 0-0: Swinging Strike
0-1: Foul Ball, location: 2F
0-2: Foul Ball, location: 2F
0-2: Foul Ball, location: 2F
0-2: Foul Ball, location: 2F
0-2: Ball
1-2: Strikes out looking
Top of the 14th over - 0 run(s), 2 hit(s), 0 error(s), 2 left on base; Northern Virginia 2 - Chicago 2
BOTTOM OF THE 14TH
Chicago Hawks batting - Pitching for Northern Virginia Retrievers : LHP Joe Kehoe
Batting: RHB José Lozano 0-0: Ball
1-0: Ball
2-0: Fly out, F9 (Line Drive, 9S)
Batting: RHB Chandler Bailey 0-0: Ball
1-0: Called Strike
1-1: Reached on error, E5 (Groundball, 5L)
Batting: RHB Robbie Roach 0-0: Called Strike
0-1: Grounds into double play, 6-4-3 (Groundball, 6)
Bottom of the 14th over - 0 run(s), 0 hit(s), 1 error(s), 0 left on base; Northern Virginia 2 - Chicago 2
TOP OF THE 15TH
Northern Virginia Retrievers batting - Pitching for Chicago Hawks : LHP Fernando Castro
Batting: RHB Bob Heller 0-0: Ground out 6-3 (Groundball, 6)
Batting: RHB Luis Rodríguez 0-0: Called Strike
0-1: SINGLE (Groundball, 15S) (infield hit)
Batting: LHB Bartolo Benítez 0-0: Ball
Wild Pitch!
Luis Rodríguez to second
1-0: Intentional Walk
Batting: LHB Munemori Ohara 0-0: Fielders Choice at 2nd, U4 (Groundball, 4M)
Luis Rodríguez to third
Batting: SHB Gustavo Fuentes 0-0: DOUBLE (Line Drive, 5L)
Luis Rodríguez scores
Munemori Ohara to third
Runner from 3rd tries for Home, SAFE, no throw or cutoff
Pitching: LHP Gustavo Domínguez
Batting: LHB Marlon Randall 0-0: Ball
1-0: Ground out 4-3 (Groundball, 4)
Top of the 15th over - 2 run(s), 2 hit(s), 0 error(s), 1 left on base; Northern Virginia 4 - Chicago 2
BOTTOM OF THE 15TH
Chicago Hawks batting - Pitching for Northern Virginia Retrievers : LHP Joe Kehoe
Batting: LHB Mal Wadley 0-0: Swinging Strike
0-1: Ball
1-1: Ball
2-1: Fly out, F8 (Line Drive, 8RXD)
Batting: RHB Chris Smith 0-0: Ball
1-0: Called Strike
1-1: Swinging Strike
1-2: Foul Ball, location: 2F
1-2: Strikes out swinging
Batting: LHB Bill Griffin 0-0: Ball
1-0: Swinging Strike
1-1: Foul Ball, location: 2F
1-2: Ball
2-2: Foul Ball, location: 2F
2-2: Ball
3-2: Base on Balls
Pitching: RHP Aurelio López
Batting: RHB Ramón Gómez 0-0: Called Strike
0-1: Swinging Strike
0-2: Ball
1-2: Foul Ball, location: 2F
1-2: Strikes out swinging
Bottom of the 15th over - 0 run(s), 0 hit(s), 0 error(s), 1 left on base; Northern Virginia 4 - Chicago 2
This league is powered by Out of the Park Baseball, the baseball management simulation game for PC, Mac and Linux
Friday, April 15th, 2016 - OOTP Baseball 16.9 Build 39